 Dungeon Crawl Stone Soup version 0.29.1-15-g9cfb28693d (webtiles) character file.

Game seed: 4251363628929102774

23 Anriel the Cudgeller (level 2, -4/26 HPs)
             Began as a Minotaur Gladiator on Feb 28, 2023.
             Slain by Sigmund
             ... wielding a +0 scythe
              (5 damage)
             ... on level 2 of the Dungeon.
             The game lasted 00:05:33 (885 turns).

Anriel the Cudgeller (Minotaur Gladiator)            Turns: 885, Time: 00:05:33

Health: -4/26      AC: 11    Str: 18    XL:     2   Next: 72%
Magic:  1/1        EV:  8    Int:  5    God:
Gold:   100        SH:  0    Dex: 11    Spells: 1/1 levels left

rFire   . . .      SeeInvis .   a - +0 flail
rCold   + . .      Faith    .   (no shield)
rNeg    . . .      Spirit   .   i - +0 chain mail {rPois}
rPois   +          Reflect  .   c - +0 hat
rElec   .          Harm     .   e - +2 cloak {rPois}
rCorr   .          Rampage  .   (no gloves)
Will    .....                   (no boots)
Stlth   ..........              (no amulet)
HPRegen 0.08/turn               b - ring of protection from cold
MPRegen 0.07/turn               (no ring)

@: confused
A: horns 2, retaliatory headbutt
a: no special abilities


You were on level 2 of the Dungeon.
You visited 1 branch of the dungeon, and saw 2 of its levels.

You collected 100 gold pieces.

Inventory:

Hand Weapons
 a - a +0 flail (weapon)
Missiles
 j - a javelin (quivered)
Armour
 c - a +0 hat (worn)
 e - a +2 cloak of poison resistance (worn)
 f - the +1 robe of Vevu {rN+ Will+ Str-5 SInv}
   (You found it on level 2 of the Dungeon)

   Str:       It affects your strength (-5).
   rN:        It protects you from negative energy.
   SInv:      It lets you see invisible.
   Will:      It increases your willpower.
 i - a +0 chain mail of poison resistance (worn)
Jewellery
 b - a ring of protection from cold (left hand)
Potions
 h - a potion of magic
 k - a potion of resistance {unknown}


   Skills:
 + Level 3.0 Fighting
 + Level 4.1 Maces & Flails
 - Level 2.0 Throwing
 + Level 1.6 Armour
 - Level 3.2 Dodging


You had one spell level left.
You didn't know any spells.
Your spell library contained the following spells:

 Spells                   Type           Power      Damage    Failure   Level
 Ozocubu's Armour         Ice            0%         N/A       100%        3
 Ozocubu's Refrigeration  Ice            0%         4d7       100%        7


Dungeon Overview and Level Annotations

Branches:
Dungeon (2/15)

Altars:

Annotations:
D:2 Sigmund


Innate Abilities, Weirdness & Mutations

You have a pair of horns on your head.
You reflexively headbutt those who attack you in melee.


Message History

The magic dart hits you but does no damage.
Sigmund struggles against the net.
The net rips apart, and Sigmund comes free!
Throw: throwing net
Press: ? - help, Q - select action, (/) - cycle Shift-Dir - straight line, f/p - Sigmund
Aim: Sigmund, wielding a +0 scythe and wearing a +0 robe (heavily wounded, strong, 53% to hit)
You throw a throwing net.
The throwing net closely misses Sigmund.
You closely miss Sigmund.
Sigmund is heavily wounded.
Sigmund casts a spell at you.
You are confused.
Sigmund gestures at you while chanting.
You are more confused.
Sigmund casts a spell at you.
You are more confused.
You bump into the rock wall.
Sigmund says, "Your kind have come here before.
I understand now why.
You desire death..."
Sigmund is suddenly surrounded by pale red light.
Sigmund points at you and mumbles some strange words.
The puff of flame hits you.
You closely miss Sigmund. Your headbutt misses Sigmund.
Sigmund is heavily wounded.
Sigmund hits you with a +0 scythe!
Ouch! That really hurt!
You barely miss Sigmund.
Sigmund is heavily wounded.
Sigmund barely misses you.
You miss Sigmund.
Sigmund is heavily wounded.
Sigmund closely misses you. Sigmund hits you with a +0 scythe!
* * * LOW HITPOINT WARNING * * *
You feel much better.
You bump into the rock wall.
Sigmund hits you with a +0 scythe! Sigmund closely misses you.
You bump into the rock wall.
Sigmund hits you with a +0 scythe!
* * * LOW HITPOINT WARNING * * *
Sigmund attacks as you move away! Sigmund hits you with a +0 scythe.
You die...

#.^.############...#############
#........# #.)..............
##.######.# #...############.
...# ##.......# #. ####
#..####.# #. # .########..# #.#
#. # ...........# #.# #. #
##########..# #.# ## #
........@...## #.# #
####....@..(# #.######## #
#.####...###........) # #
#.........###### # #..####.)## #
#..# #.## # #..# #.# # ..#
##.###### # #.<.....#


You could see Sigmund (strong).

Vanquished Creatures
  A worm (D:2)
  A dart slug (D:1)
  2 ball pythons (D:1)
  2 bats
  3 endoplasms
  2 goblins
  A hobgoblin (D:1)
  A quokka (D:1)
  3 kobolds
16 creatures vanquished.

Notes
Turn   | Place    | Note
-------+----------+-------------------------------------------
     0 | D:1      | Anriel the Minotaur Gladiator began the quest for the Orb.
     0 | D:1      | Reached XP level 1. HP: 18/18 MP: 0/0
   190 | D:1      | Found a faded altar of an unknown god.
   227 | D:1      | Reached skill level 1 in Armour
   231 | D:1      | Reached XP level 2. HP: 13/25 MP: 1/1
   684 | D:2      | Reached skill level 4 in Maces & Flails
   729 | D:2      | Identified the +1 robe of Vevu {rN+ Will+ Str-5 SInv}
   856 | D:2      | Noticed Sigmund
   879 | D:2      | HP: 1/26 [Sigmund/+0 scythe (11)]
   884 | D:2      | HP: 1/26 [Sigmund/+0 scythe (9)]
   885 | D:2      | Slain by Sigmund

Illustrated notes

Levels and vault maps discovered:
D:1:      heliophobic_arrival_enchanted_forest, layout_rooms,
          dreamdust_ecumenical_altar_grove, minmay_pentomino_u2
D:2:      layout_loops_ring, uniq_sigmund

Skill      XL: |  1  2 |
---------------+-------+-----
Armour         | 1 |  1.6
Fighting       | 3 |  3.0
Maces & Flails | 4 |  4.1
Throwing       | |  2.0
Dodging        | |  3.2

Action                   || total
-------------------------++-------
Melee: Flail             ||    40
       Headbutt          ||     4
Throw: Javelin           ||     6
       Throwing net      ||     3
  Use: Scroll            ||     2
       Potion            ||     1
Armor: Chain mail        ||    13
Dodge: Dodged            ||    21
